 Dungeon Crawl Stone Soup version 0.22-a0-617-g6d95e9e (webtiles) character file.

69 kae the Chopper (level 4, 0/39 HPs)
             Began as a Hill Orc Fighter on July 12, 2018.
             Succumbed to an adder's poison
             ... on level 2 of the Dungeon.
             The game lasted 00:01:15 (819 turns).

kae the Chopper (Hill Orc Fighter)                   Turns: 819, Time: 00:01:16

Health: 0/39       AC:  8    Str: 21 (24) XL:     4   Next: 20%
Magic:  4/4        EV:  7    Int:  5 (8)  God:
Gold:   20         SH:  9    Dex:  9 (10) Spells: 3/3 levels left

rFire    . . .     SeeInvis .   a - +0 war axe
rCold    . . .     Gourm    .   c - +0 shield
rNeg     . . .     Faith    .   b - +0 scale mail
rPois    .         Spirit   .   (no helmet)
rElec    .         Reflect  .   (no cloak)
rCorr    .         Harm     .   (no gloves)
MR       .....                  h - +0 pair of boots
Stlth    ..........             i - amulet of rage
HPRegen  0.13/turn              (no ring)
MPRegen  0.09/turn              (no ring)

@: mighty, lethally poisoned (0 -> -1)
A: no striking features
a: Evoke Berserk Rage


You were on level 2 of the Dungeon.
You were not hungry.

You visited 1 branch of the dungeon, and saw 2 of its levels.

You collected 20 gold pieces.

Inventory:

Hand Weapons
 a - a +0 war axe (weapon)
Armour
 b - a +0 scale mail (worn)
 c - a +0 shield (worn)
 h - a +0 pair of boots (worn)
Jewellery
 i - an amulet of rage (around neck)
Scrolls
 e - a scroll of remove curse {unknown}
 j - a scroll of amnesia {unknown}
 k - a scroll of enchant armour {unknown}
 l - a scroll of identify {unknown}
Potions
 g - a potion of degeneration
Comestibles
 f - 2 rations


   Skills:
 - Level 3.6 Fighting
 * Level 5.4 Axes
 - Level 3.2 Armour
 - Level 3.2 Shields
 + Level 1.1 Evocations


You had 3 spell levels left.
You didn't know any spells.
Your spell library was empty.

Dungeon Overview and Level Annotations

Branches:
Dungeon (2/15)

Altars:
Qazlal


Message History

* * * LOW HITPOINT WARNING * * *
You feel sick.
It was a potion of degeneration.
There was something very wrong with that liquid.
You feel weakened.
You feel dopey.
You feel clumsy. The frilled lizard closely misses you.
* * * LOW HITPOINT WARNING * * *
You feel sick. Why would you want to do that?
* * * LOW HITPOINT WARNING * * *
You feel sick.
You barely miss the frilled lizard. The frilled lizard bites you.
* * * LOW HITPOINT WARNING * * *
You barely miss the frilled lizard.
* * * LOW HITPOINT WARNING * * *
You feel sick.
The frilled lizard bites you but does no damage.
You slash the frilled lizard!
You kill the frilled lizard!
You die...

#........##.......#
#........##..##)..#
#........##..##...####
#..#......#...........
#..#......#.†.....####
#..#.....)........#
#.................#
##.#######.........#
#$...@.....>.......#
#######<.........[.#
##############


There were no monsters in sight!

Vanquished Creatures
  2 adders (D:2)
  3 oozes (D:1)
  A worm (D:2)
  A dart slug (D:1)
  4 bats
  2 giant cockroaches
  4 goblins
  5 hobgoblins (D:1)
  2 jackals (D:1)
  3 frilled lizards
  4 kobolds (D:1)
  3 rats
34 creatures vanquished.

Notes
Turn   | Place    | Note
-------+----------+-------------------------------------------
     0 | D:1      | kae the Hill Orc Fighter began the quest for the Orb.
     0 | D:1      | Reached XP level 1. HP: 19/19 MP: 1/1
     6 | D:1      | Reached skill level 3 in Axes
    34 | D:1      | Reached XP level 2. HP: 24/26 MP: 2/2
    46 | D:1      | Reached skill level 4 in Axes
   263 | D:1      | Reached XP level 3. HP: 31/31 MP: 3/3
   540 | D:1      | Reached skill level 5 in Axes
   774 | D:2      | Found a stormy altar of Qazlal.
   801 | D:2      | Reached XP level 4. HP: 15/39 MP: 4/4
   802 | D:2      | Reached skill level 1 in Evocations
   814 | D:2      | HP: 1/39 [frilled lizard (1)]
   819 | D:2      | Succumbed to an adder's poison

Vault maps used:
D:1:      erik_arrival_gehennom, kennysheep_decorative_pillar
D:2:      grunt_qazlal_clouds

Skill      XL: |  1  2  3  4 |
---------------+-------------+-----
Axes           | 3 4 5 |  5.4
Evocations     | 1 |  1.1
Fighting       | |  3.6
Armour         | |  3.2
Shields        | |  3.2

Action                   |  1- 3 |  4- 6 || total
-------------------------+-------+-------++-------
Melee: War axe           |   120 |     5 ||   125
  Use: Potion            |     1 |     1 ||     2
Armor: Scale mail        |    75 |     2 ||    77
Dodge: Dodged            |    41 |     2 ||    43
Block: Shield            |    59 |     2 ||    61

Table legend:
 A = Spawn XP
 B = Non-spawn XP
 C = Spawn XP percentage of total XP
 D = Spawn monster count
 E = Non-spawn monster count
 F = Spawn count percentage of total count
 G = Total turns spent on level
                    A         B        C        D         E        F      G
               +---------+---------+-------+---------+---------+-------+---------
         Total |       0 |      99 |   0.0 |       0 |      34 |   0.0 |   819
               +---------+---------+-------+---------+---------+-------+---------
           D:1 |       0 |      60 |   0.0 |       0 |      25 |   0.0 |   740
           D:2 |       0 |      39 |   0.0 |       0 |       9 |   0.0 |    79
               +---------+---------+-------+---------+---------+-------+---------
